 Dungeon Crawl Stone Soup version 0.19-a0-1907-gcff654f (webtiles) character file.

62 Lochraine the Shooter (level 3, 0/69 HPs)
             Began as a Centaur Hunter on Oct 21, 2016.
             Slain by a killer bee (2 damage)
             ... on level 3 of the Dungeon.
             The game lasted 00:04:11 (1564 turns).

Lochraine the Shooter (Centaur Hunter)              Turns: 1564, Time: 00:04:12

Health: 0/69       AC: 21    Str: 19    XL:     3   Next: 85%
Magic:  3/3        EV:  1    Int: 10    God:
Gold:   143        SH:  0    Dex: 10    Spells: 0 memorised, 2 levels left

rFire  + . .     SeeInvis .     b - +0 short sword
rCold  + . .     Gourm    .     (armour currently unavailable)
rNeg   + + +     Faith    .     (no shield)
rPois  +         Spirit   .     (helmet currently unavailable)
rElec  +         Reflect  .     (cloak currently unavailable)
rCorr  +         Harm     .     (gloves currently unavailable)
MR     .....     NoTele   +     (no barding)
Stlth  ..........               (no amulet)
                                (no ring)
                                (no ring)

@: berserking, tree-form, resistant, very quick
A: (hooves 0), (deformed body), (speed 0), (tough skin 0)
a: no special abilities


You were on level 3 of the Dungeon.
You were not hungry.
You were a tree.
You visited 1 branch of the dungeon, and saw 3 of its levels.

You collected 143 gold pieces.

Inventory:

Hand Weapons
 a - a +1 shortbow
 b - a +0 short sword (weapon)
Missiles
 d - 43 arrows
Armour
 c - a +0 leather armour (melded)
 e - a +0 buckler
 q - a +1 cloak of invisibility (melded)
Wands
 p - a wand of confusion (16/48)
Scrolls
 i - a scroll of recharging {unknown}
 k - 2 scrolls of enchant armour {unknown}
 o - a scroll of teleportation {unknown}
 r - a scroll of identify {unknown}
Comestibles
 f - 2 bread rations
 g - 5 chunks of flesh
 l - a beef jerky
 m - a royal jelly
 n - a meat ration
 s - a slice of pizza


   Skills:
 - Level 3.0 Fighting
 + Level 6.2 Bows
 + Level 1.8 Dodging
 - Level 0.4 Stealth
 + Level 0.0 Evocations


You had 2 spell levels left.
You didn't know any spells.

Dungeon Overview and Level Annotations

Branches:
Dungeon (3/15)

Altars:
Nemelex Xobeh


Innate Abilities, Weirdness & Mutations

((You have hooves in place of feet.))
((Armour fits poorly on your strangely shaped body.))
((You cover ground very quickly.))
((You have extremely tough skin. (AC +3)))


Message History

You completely miss the killer bee.
The killer bee stings you but does no damage. x2
You miss the killer bee.
The killer bee stings you but does no damage.
You hit the killer bee.
The killer bee is lightly wounded.
The killer bee stings you but does no damage. x2
You miss the killer bee.
The killer bee is lightly wounded.
The killer bee stings you.
* * * LOW HITPOINT WARNING * * *
You puncture the killer bee!
The killer bee is severely wounded.
The killer bee stings you but does no damage.
The killer bee stings you.
* * * LOW HITPOINT WARNING * * *
You miss the killer bee.
The killer bee is severely wounded.
The killer bee stings you.
You die...

#############
#......)....#
#.#########.# #♣# #.#
#y# #.# #y# #.######
######y#########.......
.......yy.............##
.######.##.y..#######..#
######..# ##.#
..y.y....# #.#
.y#...#..# #.#


You could see 5 killer bees.

Vanquished Creatures
  An adder (D:2)
  2 worms (D:2)
  A dart slug (D:1)
  3 leopard geckos (D:2)
  An orc (D:3)
  A ball python (D:1)
  5 bats
  2 giant cockroaches
  6 goblins
  4 hobgoblins
  4 jackals (D:2)
  2 frilled lizards
  A kobold (D:3)
  6 rats
39 creatures vanquished.

Notes
Turn   | Place    | Note
-------+----------+-------------------------------------------
     0 | D:1      | Lochraine the Centaur Hunter began the quest for the Orb.
     0 | D:1      | Reached XP level 1. HP: 17/17 MP: 1/1
   125 | D:1      | Reached XP level 2. HP: 23/24 MP: 2/2
   618 | D:2      | Reached XP level 3. HP: 30/30 MP: 3/3
   777 | D:2      | Reached skill level 6 in Bows
  1288 | D:2      | Found a sparkling altar of Nemelex Xobeh.
  1539 | D:3      | Noticed a killer bee
  1539 | D:3      | Noticed a killer bee
  1539 | D:3      | Noticed a killer bee
  1539 | D:3      | Noticed a killer bee
  1539 | D:3      | Noticed a killer bee
  1540 | D:3      | Noticed a killer bee
  1563 | D:3      | HP: 2/69 [killer bee (6)]
  1564 | D:3      | Slain by a killer bee

Vault maps used:
D:1:      dpeg_arrival_tiny_a
D:2:      nemelex_xobeh_ov_fountains_minmay
D:3:      lemuel_coloured_pillars_altar, due_unseen_surprise, uniq_sigmund

Skill      XL: |  1  2  3 |
---------------+----------+-----
Bows           | 6 |  6.2
Fighting       | 3 |  3.0
Dodging        | |  1.8
Stealth        | |  0.4

Action                   || total
-------------------------++-------
Melee: Short sword       ||    12
 Fire: Shortbow          ||   131
  Use: Potion            ||     3
  Eat: Chunk             ||     1
Armor: Leather armour    ||    15
       Skin              ||    19
Dodge: Dodged            ||    22
